 Dungeon Crawl Stone Soup version 0.32-a0-576-g706899e (webtiles) character file.

Game seed: 12096459200126388924

340516 MyPicaresque the Skinwalker (level 21, -7/271 (301) HPs)
             Began as a White Draconian Shapeshifter on Mar 1, 2024.
             Was an Elder of Wu Jian.
             Mangled by an Executioner (9 damage)
             ... summoned by a dread lich
             ... while paralysed by a dread lich
             ... on level 2 of the Vaults.
             The game lasted 01:23:32 (54872 turns).

MyPicaresque the Skinwalker (DrSh)                 Turns: 54872, Time: 01:23:33

HP:   -7/271 (301)  AC: 23    Str: 36    XL:     21   Next: 7%
MP:   21/21         EV:  0    Int: 11    God:    Wu Jian [****..]
Gold: 1705          SH:  0    Dex: 20    Spells: 18/20 levels left

rFire   . .          .
                       - Unarmed
rCold   + + +        (shield currently unavailable)
rNeg    + . .        (body armour unavailable)
rPois   +            (helmet currently unavailable)
rElec   .            (cloak currently unavailable)
rCorr   +            (gloves currently unavailable)
SInv    .            (boots currently unavailable)
Will    +....        l - amulet "Jires" {Reflect rF+ rN+ SH+5}
Stlth   +            R - ring "Aduqarym" {rPois rC+ Str+6}
HPRegen 0.65/turn    C - ring of resist corrosion
MPRegen 0.17/turn

%: reflection
@: paralysed, dragon-form, in a heavenly storm, flying, slowed, glowing, drained
A: dragon claw, dragon scales, flying, boosted hp, glacial breath, AC +11,
giant, unfitting armour, (cold resistance 1), (cold-blooded), passive freeze,
strong 1
}: 2/15 runes: decaying, gossamer
a: Glacial Breath, Begin Untransformation, Renounce Religion, Wall Jump,
Serpent's Lash


You were on level 2 of the Vaults.
You worshipped Wu Jian.
Wu Jian was greatly pleased with you.
You were a fearsome ice dragon!
You visited 8 branches of the dungeon, and saw 36 of its levels.
You also visited: Trove and Ossuary.

You collected 4267 gold pieces.
You spent 2562 gold pieces at shops.

Inventory:

Missiles
 n - 15 javelins
 A - 4 throwing nets
 B - 9 curare-tipped darts
Jewellery
 a - a ring of fire
 l - the amulet "Jires" (around neck) {Reflect rF+ rN+ SH+5}
   (You found it in a treasure trove)

   [amulet of reflection]

   Reflect:   It reflects blocked missile attacks.
   rF+:       It protects you from fire.
   rN+:       It protects you from negative energy.
   SH+5:      It affects your SH (+5).
 r - a +6 ring of intelligence
 u - a ring of magical power
 C - a ring of resist corrosion (right foreclaw)
 P - a ring of see invisible
 R - the ring "Aduqarym" (left foreclaw) {rPois rC+ Str+6}
   (You took it off a deep elf zephyrmancer on level 3 of the Elven Halls)

   [ring of strength]

   Str+6:     It affects your strength (+6).
   rC+:       It protects you from cold.
   rPois:     It protects you from poison.
 Z - the brooch of Shielding {Spirit SH+8}
   (You took it off a deep elf elementalist on level 3 of the Elven Halls)

   [amulet of guardian spirit]

   Spirit:    It causes incoming damage to be divided between your reserves of
   health and magic.
   SH+8:      It affects your SH (+8).
Talismans
 O - a granite talisman
 T - the serpent talisman of Ytidyint {Will++ Str-3 Dex+4}
   (You bought it in a shop on level 2 of the Orcish Mines)

   [serpent talisman]

   Str-3:     It affects your strength (-3).
   Dex+4:     It affects your dexterity (+4).
   Will++:    It greatly increases your willpower.
 X - a dragon-blood talisman (active)
Wands
 c - a wand of flame (4)
 i - a wand of digging (25)
 v - a wand of paralysis (4)
 y - a wand of light (20) (quivered)
Scrolls
 d - 6 scrolls of poison
 h - 6 scrolls of fear
 j - 8 scrolls of revelation
 m - 2 scrolls of torment
 z - 8 scrolls of amnesia
 E - 2 scrolls of silence
 G - 2 scrolls of blinking
 H - 3 scrolls of enchant armour
 J - a scroll of teleportation
 K - 8 scrolls of fog
 M - 9 scrolls of enchant weapon
 U - 2 scrolls of immolation
 V - a scroll of brand weapon
Potions
 e - 9 potions of brilliance
 f - 5 potions of invisibility
 g - 2 potions of berserk rage
 k - 4 potions of haste
 o - 5 potions of ambrosia
 p - 5 potions of enlightenment
 q - 6 potions of resistance
 s - 5 potions of heal wounds
 t - 4 potions of magic
 w - 5 potions of cancellation
 D - 6 potions of mutation
 F - 13 potions of curing
 I - 8 potions of lignification
 N - 3 potions of might
 Q - 6 potions of attraction
Miscellaneous
 b - a phantom mirror
 S - a tin of tremorstones (2/2)
 W - a phial of floods


   Skills:
 - Level 20.0 Fighting
 - Level 10.0 Dodging
 - Level 15.0 Unarmed Combat
 * Level 25.6 Shapeshifting


You had 18 spell levels left.
You knew the following spells:

 Your Spells              Type           Power      Damage    Failure   Level
a - Lesser Beckoning      Tloc           0%         N/A       47%         2

Your spell library contained the following spells:

 Spells                   Type           Power      Damage    Failure   Level
 Foxfire                  Conj/Fire      0%         2x1d4     34%         1
 Kiss of Death            Conj/Necr      0%         2d5       34%         1
 Sting                    Conj/Alch      0%         1d3       34%         1
 Summon Small Mammal      Summ           0%         N/A       34%         1
 Jinxbite                 Hex            0%         N/A       47%         2
 Mercury Vapours          Alch/Air       0%         N/A       47%         2
 Momentum Strike          Conj/Tloc      0%         3d8       47%         2
 Call Canine Familiar     Summ           0%         N/A       71%         3
 Dazzling Flash           Conj/Hex       0%         N/A       71%         3
 Gell's Gravitas          Tloc           0%         N/A       71%         3
 Mephitic Cloud           Conj/Alch/Air  0%         N/A       71%         3
 Ozocubu's Armour         Ice            0%         N/A       71%         3
 Teleport Other           Tloc           0%         N/A       71%         3
 Volatile Blastmotes      Fire/Tloc      0%         2d10      71%         3
 Animate Dead             Necr           0%         N/A       98%         4
 Fulminant Prism          Conj/Alch      0%         3d5       98%         4
 Iskenderun's Mystic Bla  Conj/Tloc      0%         2d3       98%         4
 Summon Blazeheart Golem  Fire/Summ      0%         N/A       98%         4
 Summon Lightning Spire   Summ/Air       0%         N/A       98%         4
 Vhi's Electric Charge    Tloc/Air       0%         N/A       98%         4
 Arcjolt                  Conj/Air       0%         1d10      100%        5
 Borgnjor's Vile Clutch   Necr/Erth      0%         N/A       100%        5
 Curse of Agony           Necr           0%         N/A       100%        5
 Freezing Cloud           Conj/Ice/Air   0%         6-21      100%        5
 Lee's Rapid Deconstruct  Erth           0%         3d4*      100%        5
 Metabolic Englaciation   Hex/Ice        0%         N/A       100%        5
 Silence                  Hex/Air        0%         N/A       100%        5
 Summon Forest            Summ/Tloc      0%         N/A       100%        5
 Yara's Violent Unravell  Hex/Alch       0%         3d3       100%        5
 Death Channel            Necr           0%         N/A       100%        6
 Eringya's Noxious Bog    Alch           0%         4d6       100%        6
 Plasma Beam              Fire/Air       0%         2x1d10    100%        6
 Sculpt Simulacrum        Ice/Alch       0%         N/A       100%        6
 Starburst                Conj/Fire      0%         6d3       100%        6
 Enfeeble                 Hex            0%         N/A       100%        7
 Orb of Destruction       Conj           0%         9d5       100%        7
 Spellforged Servitor     Conj/Summ      0%         N/A       100%        7
 Summon Hydra             Summ           0%         N/A       100%        7
 Lehudib's Crystal Spear  Conj/Erth      0%         10d2      100%        8
 Maxwell's Capacitive Co  Air            0%         ∞         100%        8
 Summon Horrible Things   Summ           0%         N/A       100%        8
 Animate Armour           Summ/Erth      Unusable   N/A       N/A         4

Dungeon Overview and Level Annotations

Branches:
Dungeon (15/15) Zot: 24027  Temple (1/1) D:5 Zot: 5998    Lair (5/5) D:9 Zot: 21248
  Swamp (4/4) Lair:2 Zot: 20009  Spider (4/4) Lair:2 Zot: 14123   Slime (0/5) Lair:4
    Orc (2/2) D:10 Zot: 7777     Elf (3/3) Orc:2 Zot: 11440  Vaults (2/5) D:13 Zot: 8355
 Depths (0/4) D:15        Ossuary (visited)
  Crypt: Vaults:2-3

Altars:
Ashenzari
Cheibriados
Dithmenos
Elyvilon
Fedhas
Gozag
Hepliaklqana
Kikubaaqudgha
Makhleb
Nemelex Xobeh
Okawaru
Qazlal
Ru
Sif Muna
Trog
Uskayaw
Vehumet
Wu Jian
Xom
Yredelemnul
Zin
The Shining One

Shops:
D:1 [   D:5 :[   D:12 *:**   Orc:1 (   Orc:2 :((=   Elf:2 [=(([   Elf:3 :[[:

Annotations:
Spider:4 2 transporters, korenl137's ghost, adept GrBe
Vaults:2 2 transporters, Tagg's ghost, veteran DjIE


Innate Abilities, Weirdness & Mutations

You are a fearsome ice dragon!
You have a powerful clawing attack.
Your giant scaled body is strong and resilient, but less evasive.
Your breath weapon is enhanced in this form.
You are flying.
Your maximum health is greatly increased.
Your armour is entirely melded.
You are incapable of wielding weapons or throwing items.
You can breathe waves of cold which freeze foes solid.
Your icy white scales are hard. (AC +11)
You cannot fit into any form of body armour.
((Your flesh is cold resistant. (rC+)))
((You are cold-blooded and may be slowed by cold attacks.))
A frigid envelope surrounds you and freezes all who hurt you.
Your muscles are strong. (Str +4, Int/Dex -1)


Message History

The reaper hits you from afar with a +0 scythe of venom!
* * * LOW HITPOINT WARNING * * *
The Tzitzimitl engulfs you but does no damage.
The Tzitzimitl completely resists.
The Tzitzimitl bites you but does no damage.
The Tzitzimitl resists.
The Tzitzimitl is very cold.
The Tzitzimitl is lightly wounded.
The deep elf death mage draws life force from you!
* * * LOW HITPOINT WARNING * * *
The deep elf death mage is healed by the life force!
The ironbound convoker hits you with a +0 morningstar!
* * * LOW HITPOINT WARNING * * *
The ironbound convoker is very cold.
The ironbound convoker is almost dead.
The Executioner hits you!
* * * LOW HITPOINT WARNING * * *
The Executioner resists.
The Executioner is very cold.
The Executioner is severely wounded.
The Executioner hits you but does no damage.
The Executioner resists.
The Executioner is very cold.
The Executioner is almost dead.
The Executioner hits you but does no damage.
The Executioner resists.
The Executioner is very cold.
The Executioner is almost dead.
The Executioner hits you but does no damage.
The Executioner resists.
The Executioner is very cold.
The Executioner is almost dead.
The Executioner hits you but does no damage.
The Executioner resists.
The Executioner is very cold.
The Executioner is almost dead.
The Executioner hits you but does no damage.
The Executioner resists.
The Executioner is very cold.
The Executioner is almost dead.
The dread lich casts a spell at you.
You shrug off the repeated paralysis!
The lich touches you!
* * * LOW HITPOINT WARNING * * *
You partially resist.
You feel drained.
* * * LOW HITPOINT WARNING * * *
The lich completely resists.
The Executioner hits you!
You die...

#.........#
#.........#
#.........#
#.........#
#.........# ##########
#..☼§p2*..# #.........
#..*pLe☼..# #.>.......
#..○LD1○..# #.........
######1######...#####.
#○☼....#...#...#.
#..#.##.#...#...#.
#...#..#.#...#...#.
##..###....#...##'##.
#...#..###.'...#..##.
#.###..#...'...'..##.
#....###..##...#####.


You could see a dread lich (fast, invisible), a Tzitzimitl (summoned), a lich
(fast, strong, invisible), a deep elf death mage (strong), a reaper (summoned),
an Executioner (summoned, fast), a vault sentinel, an ironbound convoker and 2
lost souls.

Vanquished Creatures
  A dread lich (Vaults:1)
  Arachne (Spider:2)
  Norris (Vaults:1)
  The ghost of Apegg the Slayer, an adept MiHu of Okawaru (Elf:2)
  2 tentacled monstrosities
  Jorgrun (Elf:2)
  The ghost of Lovepenguin the Sorcerer, an adept DEAE of Vehumet (Swamp:2)
  Asterion (Vaults:1)
  3 deep elf blademasters
  2 deep elf master archers (Elf:3)
  Gastronok (Lair:2)
  Agnes (Spider:1)
  2 thorn hunters (Swamp:4)
  Frances (Swamp:2)
  2 tengu reavers
  Roxanne (Swamp:4)
  A fire giant (D:14)
  2 fenstrider witches (Swamp:4)
  2 frost giants
  4 deep elf sorcerers
  3 emperor scorpions
  4 ghost moths
  9 vault wardens
  Louise (Elf:1)
  5 deep elf elementalists (Elf:3)
  An orc warlord (Vaults:1)
  2 broodmothers
  10 ironbound preservers
  6 ironbound thunderhulks
  2 formless jellyfish
  4 deep elf demonologists (Elf:3)
  6 deep elf death magi
  2 eleionomae
  2 dire elephants
  3 spark wasps
  A war gargoyle (Vaults:1)
  Azrael (D:13)
  7 deep elf annihilators
  4 bunyips
  Snorg (D:13)
  A fire dragon (D:15)
  2 deep elf high priests (Elf:3)
  8 vault guards
  3 entropy weavers
  3 great orbs of eyes
  2 shambling mangroves
  6 yaktaur captains
  19 hydras
  Harold (D:10)
  4 ironbound frosthearts
  A peacekeeper (Vaults:2)
  2 rakshasas (D:14)
  4 ogre magi
  3 spriggan air magi
  2 jorogumos
  7 alligators
  3 catoblepae (Lair:5)
  A radroach (Spider:4)
  An anaconda (Lair:5)
  7 centaur warriors
  30 dancing weapons
  6 boulder beetles
  3 demonic crawlers
  13 death yaks
  A deep troll earth mage (D:15)
  4 orc high priests (Orc:2)
  Sonja (D:13)
  Nergalle (D:11)
  18 deep elf knights
  The ghost of CumLord the Cleaver, a novice DsFi of Jiyva (D:10)
  Amaemon (Lair:1)
  3 pharaoh ants
  5 skysharks
  8 orb spiders
  4 goliath frogs
  10 swamp dragons
  A flayed ghost (D:11)
  4 spriggan druids
  4 arcanists
  Pikel (D:7)
  A bog body (Swamp:1)
  A glowing orange brain (Vaults:2)
  12 deep elf archers
  A harpy (shapeshifter) (D:13)
  3 lindwurms
  38 deep elf pyromancers
  38 deep elf zephyrmancers
  5 deep trolls (Vaults:2)
  6 orc knights
  12 wolf spiders
  7 ironbound convokers
  8 ugly things
  3 steelbarb worms
  2 lightning spires (Elf:1)
  2 oklob plants
  A thermic dynamo (Elf:1)
  3 orc sorcerers
  A harpy (Vaults:1)
  3 necromancers
  2 will-o-the-wisps
  5 manticores
  Maurice (Orc:2)
  8 cyclopes
  17 elephants
  3 moths of wrath
  7 meliai
  7 vault sentinels
  6 kobold blastminers
  7 black mambas
  6 torpor snails
  An orange demon (Lair:1)
  10 cane toads
  2 unseen horrors
  A gargoyle (D:12)
  An efreet (D:10)
  3 rime drakes
  4 komodo dragons
  2 kobold demonologists
  19 yaktaurs
  A queen bee (Spider:1)
  A guardian mummy (D:15)
  7 trolls
  9 tyrant leeches
  A polar bear (Lair:4)
  16 hornets
  16 tarantellas
  7 dream sheep (Lair:4)
  7 blink frogs
  22 slime creatures
  A centaur simulacrum (D:14)
  26 jumping spiders
  11 spriggans
  17 culicivoras
  10 air elementals (Elf:1)
  6 wyverns
  4 wraiths
  A hog (shapeshifter) (D:10)
  A shadow (D:11)
  A water elemental (Elf:1)
  51 yaks
  5 wargs
  6 basilisks
  3 fire elementals
  28 redbacks
  7 vampire mosquitoes
  13 swamp worms
  4 acid dragons
  9 water moccasins
  3 hell hounds (D:13)
  9 swamp drakes (Swamp:4)
  23 orc warriors
  2 black bears
  7 ogres
  14 wolves
  11 centaurs
  3 lemures (D:7)
  A phantom (D:5)
  4 kobold brigands
  A weeping skull (Ossuary)
  17 bullfrogs
  8 scorpions
  2 gnoll sergeants
  6 water moccasin zombies (Ossuary)
  13 wights
  12 killer bees
  3 electric eels
  2 howler monkeys
  2 bombardier beetles
  16 orc priests
  2 gnoll boudas (D:7)
  3 hounds
  3 sleepcaps
  A spectral scorpion (Ossuary)
  4 iguanas
  Natasha (thrice) (D:3)
  Terence (D:3)
  5 hell rats (Lair:2)
  20 orc wizards
  A crocodile zombie (Ossuary)
  A boggart simulacrum (D:13)
  2 mummies (Ossuary)
  15 gnolls
  10 adders
  2 shadow imps
  A white imp (D:6)
  3 adder zombies (Ossuary)
  2 ribbon worms (Lair:1)
  3 dart slugs
  60 orcs
  8 ball pythons
  5 bats
  6 endoplasms
  5 giant cockroaches
  7 goblins
  7 hobgoblins
  4 jackals (D:4)
  12 kobolds
  A quokka (D:1)
  3 frilled lizards
  8 gnoll zombies (Ossuary)
  A jackal zombie (Ossuary)
  5 orc zombies (Ossuary)
  3 rats
1230 creatures vanquished.

Vanquished Creatures (others)
  A deep elf pyromancer (Elf:1)
  2 lightning spires (Elf:1)
  2 bloated husks
  An orc wizard (Orc:2)
  4 foxfires
10 creatures vanquished.

Grand Total: 1240 creatures vanquished

Notes
Turn   | Place    | Note
-------+----------+-------------------------------------------
     0 | D:1      | MyPicaresque the Draconian Shapeshifter began the quest for
                  | the Orb.
     0 | D:1      | Reached XP level 1. HP: 16/16 MP: 1/1
   128 | D:1      | Found Zecuaffo's Armour Boutique.
   198 | D:1      | Reached XP level 2. HP: 16/24 MP: 2/2
   319 | D:1      | Found a faded altar of an unknown god.
   928 | D:2      | Reached XP level 3. HP: 30/30 MP: 3/3
  1852 | D:2      | Reached skill level 4 in Shapeshifting
  1852 | D:2      | Reached XP level 4. HP: 27/38 MP: 4/4
  2012 | D:3      | Noticed Terence
  2024 | D:3      | Killed Terence
  2307 | D:3      | Found a glowing silver altar of Zin.
  2319 | D:3      | Found an ancient bone altar of Kikubaaqudgha.
  2319 | D:3      | Found a bloodstained altar of Trog.
  2328 | D:3      | Noticed Natasha
  2338 | D:3      | Killed Natasha
  2339 | D:3      | Reached XP level 5. HP: 32/45 MP: 2/5
  2365 | D:3      | Noticed Natasha
  2387 | D:3      | Killed Natasha
  2388 | D:3      | Reached skill level 5 in Shapeshifting
  2524 | D:3      | Noticed Natasha
  2697 | D:3      | Killed Natasha
  2827 | D:3      | Found a shimmering blue altar of Sif Muna.
  3065 | D:4      | Gained mutation: A frigid envelope surrounds you and
                  | freezes all who hurt you. [potion of mutation]
  3065 | D:4      | Gained mutation: Your muscles are strong. (Str +4, Int/Dex
                  | -1) [potion of mutation]
  3065 | D:4      | HP: 3/67 [poisoned by a scorpion]
  3066 | D:4      | Reached XP level 6. HP: 3/51 MP: 2/6
  3067 | D:4      | Reached skill level 6 in Shapeshifting
  3723 | D:5      | Entered Level 5 of the Dungeon
  3767 | D:5      | Reached skill level 7 in Shapeshifting
  3819 | D:5      | Your scales start taking on an icy white colour.
  3819 | D:5      | Reached XP level 7. HP: 57/57 MP: 7/7
  3819 | D:5      | Gained mutation: Your flesh is cold resistant. (rC+) [White
                  | Draconian growth]
  3965 | D:5      | Found a sand-covered staircase.
  3970 | Ossuary  | Entered an ossuary
  4101 | Ossuary  | Reached skill level 5 in Fighting
  4265 | Ossuary  | Reached XP level 8. HP: 64/70 MP: 5/8
  4531 | D:5      | Reached skill level 8 in Shapeshifting
  4713 | D:5      | Found Musutes's Armour Shop.
  4718 | D:5      | Found Nihuax's Book Shoppe.
  5016 | D:5      | Found a staircase to the Ecumenical Temple.
  5056 | Temple   | Entered the Ecumenical Temple
  5583 | D:6      | Reached XP level 9. HP: 67/82 MP: 7/9
  5727 | D:6      | Reached skill level 9 in Shapeshifting
  5991 | D:6      | Reached skill level 10 in Fighting
  6714 | D:7      | Noticed Pikel
  6730 | D:7      | Reached skill level 10 in Shapeshifting
  6751 | D:7      | Killed Pikel
  6752 | D:7      | Reached XP level 10. HP: 25/93 MP: 6/10
  7132 | D:7      | Learned a level 2 spell: Lesser Beckoning
  7143 | D:7      | Reached skill level 11 in Shapeshifting
  7255 | D:7      | Found an ornate altar of the Wu Jian Council.
  7292 | D:7      | Became a worshipper of the Wu Jian Council
  7823 | D:8      | Reached skill level 12 in Shapeshifting
  7827 | D:8      | Reached * piety under Wu Jian
  8060 | D:8      | Identified the +9 flail of the Swamp {elec, rN+ Int+3}
  8214 | D:8      | Found a snail-covered altar of Cheibriados.
  8244 | D:8      | Found a sacrificial altar of Ru.
  8454 | D:9      | Found a staircase to the Lair.
  8813 | D:9      | Reached skill level 13 in Shapeshifting
  9132 | D:9      | Reached ** piety under Wu Jian
  9257 | D:10     | Entered Level 10 of the Dungeon
  9287 | D:10     | Found a staircase to the Orcish Mines.
  9292 | D:10     | Identified the +3 ring mail "Ydghaob" {Rampage rElec Str+2
                  | Dex-5}
  9332 | D:10     | Noticed a green ugly thing
  9333 | D:10     | Noticed an ogre mage
  9333 | D:10     | Noticed an ogre mage
  9334 | D:10     | Noticed a cyclops
  9334 | D:10     | Noticed CumLord's ghost (novice DsFi)
  9336 | D:10     | Found a transporter.
  9347 | D:10     | Noticed Harold
  9350 | D:10     | Noticed a cyan ugly thing
  9365 | D:10     | Killed Harold
  9366 | D:10     | Reached XP level 11. HP: 52/99 MP: 6/11
  9682 | D:10     | Found a transporter.
 10106 | Orc:1    | Entered Level 1 of the Orcish Mines
 10131 | Orc:1    | Noticed an orc knight
 10147 | Orc:1    | Reached skill level 14 in Shapeshifting
 10162 | D:10     | Killed an orc knight
 10942 | Orc:2    | Entered Level 2 of the Orcish Mines
 10948 | Orc:2    | Reached skill level 15 in Shapeshifting
 10953 | Orc:2    | Noticed an orc sorcerer
 11012 | Orc:2    | Noticed a sixfirhy
 11014 | Orc:2    | Killed an orc sorcerer
 11233 | Orc:2    | Noticed Maurice
 11357 | Orc:1    | Reached *** piety under Wu Jian
 11409 | Orc:2    | Killed Maurice
 11587 | Orc:2    | Found a staircase to the Elven Halls.
 11730 | Orc:2    | Noticed an orc knight
 11755 | Orc:2    | Killed an orc knight
 11968 | Orc:2    | Noticed an orc knight
 11968 | Orc:2    | Noticed an orc high priest
 11968 | Orc:2    | Noticed an orc knight
 11968 | Orc:2    | Noticed an orc sorcerer
 11999 | Orc:2    | Killed an orc high priest
 12000 | Orc:2    | Reached skill level 16 in Shapeshifting
 12000 | Orc:2    | Reached XP level 12. HP: 106/106 MP: 10/12
 12363 | Orc:1    | Noticed an orc high priest
 12448 | Orc:2    | Killed an orc high priest
 12588 | Orc:1    | Found Igoot's Weapon Emporium.
 12656 | Orc:2    | Noticed an orc high priest
 12752 | Orc:2    | Killed an orc high priest
 12885 | Orc:2    | Noticed an orc high priest
 13143 | Orc:2    | Killed an orc high priest
 13185 | Orc:2    | Noticed an ogre mage
 13212 | Orc:2    | Paralysed by an orc sorcerer for 5 turns
 13840 | Orc:2    | Killed an ogre mage
 13841 | Orc:2    | Reached skill level 17 in Shapeshifting
 14253 | Orc:2    | Found Neapp's Jewellery Emporium.
 14253 | Orc:2    | Found Maecod's Book Boutique.
 14255 | Orc:2    | Found Tit Uruo's Antique Weapon Emporium.
 14255 | Orc:2    | Found Mush's Antique Weapon Boutique.
 14397 | Lair:1   | Entered Level 1 of the Lair of Beasts
 14575 | Lair:1   | Reached **** piety under Wu Jian
 14634 | Lair:1   | Noticed Amaemon
 14652 | Lair:1   | Killed Amaemon
 14832 | Lair:1   | Reached skill level 18 in Shapeshifting
 15614 | Lair:2   | Reached XP level 13. HP: 104/113 MP: 9/13
 15788 | Lair:2   | Found the +1 robe of Vines {NoPotionHeal Regen++++}
 16074 | Lair:2   | Reached skill level 19 in Shapeshifting
 16097 | Lair:2   | HP: 5/135 [elephant (10)]
 16254 | Lair:2   | Reached skill level 5 in Unarmed Combat
 16644 | Lair:2   | Noticed Gastronok
 16989 | Lair:2   | Killed Gastronok
 17048 | Lair:2   | Found a hole to the Spider Nest.
 17194 | Lair:2   | Found a staircase to the Swamp.
 17513 | Lair:2   | Reached ***** piety under Wu Jian
 19137 | Lair:4   | Reached skill level 10 in Unarmed Combat
 19145 | Lair:4   | Reached XP level 14. HP: 87/121 MP: 9/14
 19537 | Lair:4   | Identified the +2 robe of Defiance {rPois}
 19606 | Lair:4   | Found a staircase to the Slime Pits.
 19748 | Lair:4   | Found a hide-covered altar of Uskayaw.
 19748 | Lair:4   | Found an ornate altar of the Wu Jian Council.
 20074 | Lair:5   | Entered Level 5 of the Lair of Beasts
 22579 | Orc:2    | Bought the serpent talisman of Ytidyint {Will++ Str-3
                  | Dex+4} for 1434 gold pieces
 22760 | Spider:1 | Entered Level 1 of the Spider Nest
 22992 | Spider:1 | Noticed Agnes
 23008 | Spider:1 | Killed Agnes
 23788 | Lair:2   | Killed a ghost moth
 23789 | Lair:2   | Reached skill level 15 in Fighting
 24933 | Spider:2 | Killed a ghost moth
 25318 | Spider:2 | Reached XP level 15. HP: 141/141 MP: 12/15
 25722 | Spider:2 | Noticed Arachne
 25924 | Spider:2 | Killed Arachne
 26654 | Spider:1 | HP: 1/153 [jorogumo (14)]
 27262 | Spider:2 | Identified the +2 robe "Hyisho" {Rampage rF- Dex-2 Stlth+}
 27801 | Spider:3 | Reached skill level 5 in Dodging
 29101 | Spider:4 | Entered Level 4 of the Spider Nest
 30113 | Spider:4 | Reached ****** piety under Wu Jian
 30538 | Spider:4 | Noticed korenl137's ghost (adept GrBe)
 30540 | Spider:4 | Found a transporter.
 30543 | Spider:4 | Found a transporter.
 31186 | Spider:4 | HP: 6/169 [wolf spider (12)]
 31187 | Spider:4 | Reached skill level 10 in Dodging
 31797 | Spider:4 | Reached XP level 16. HP: 149/149 MP: 16/16
 31843 | Spider:4 | HP: 5/178 [emperor scorpion (6)]
 32648 | Spider:4 | Got a gossamer rune of Zot
 32874 | Swamp:1  | Entered Level 1 of the Swamp
 33027 | D:11     | Found a transporter.
 33051 | D:11     | You fall into a shaft and drop 1 floor!
 33059 | D:12     | Found Joum's Assorted Antiques.
 33105 | D:12     | Bought a potion of heal wounds for 180 gold pieces
 33116 | D:12     | Found Ekle's Book Shoppe.
 33178 | D:12     | Found Eluhot Atoe's General Store.
 33484 | D:12     | Found Xysorem's Assorted Antiques.
 33488 | D:12     | Bought a potion of might for 124 gold pieces
 33488 | D:12     | Bought a potion of cancellation for 248 gold pieces
 33903 | D:11     | Noticed Nergalle
 33908 | D:11     | Killed Nergalle
 33937 | D:11     | Noticed a tengu reaver
 33951 | D:11     | Killed a tengu reaver
 33959 | D:11     | Identified the +2 halberd of Himer {freeze, *Noise rF++}
 34304 | D:13     | Found a gate to the Vaults.
 34589 | D:13     | Got the Handbook of the Familiar
 34726 | D:13     | Noticed Azrael
 34743 | D:13     | Killed Azrael
 34830 | D:13     | Noticed Snorg
 34837 | D:13     | Killed Snorg
 35250 | D:13     | Noticed Sonja
 35260 | D:13     | Killed Sonja
 35368 | D:13     | Identified the +2 leather armour of the Apothecary {Int+4
                  | Dex+2}
 35932 | D:14     | Reached skill level 15 in Unarmed Combat
 36954 | D:15     | Entered Level 15 of the Dungeon
 38286 | D:15     | Found a staircase to the Depths.
 38374 | D:15     | Found a portal to a secret trove of treasure.
 39367 | D:12     | Bought 2 potions of ambrosia for 576 gold pieces
 39878 | Swamp:1  | Noticed a tentacled monstrosity
 39886 | Swamp:1  | Killed a tentacled monstrosity
 39902 | Swamp:1  | Reached XP level 17. HP: 158/158 MP: 13/17
 40411 | Swamp:2  | Noticed Frances
 40419 | Swamp:2  | Killed Frances
 40701 | D:15     | You paid a toll of 12 scrolls of teleportation to enter a
                  | treasure trove
 40702 | Trove    | Entered a treasure trove
 40722 | Trove    | Identified the amulet "Jires" {Reflect rF+ rN+ SH+5}
 40744 | Trove    | Identified the +2 executioner's axe of True Grit {speed,
                  | Int+3}
 40812 | D:15     | Reached skill level 20 in Shapeshifting
 40812 | D:15     | Reached XP level 18. HP: 166/166 MP: 18/18
 41444 | Swamp:2  | You are sucked into a shaft and drop 1 floor!
 41655 | Swamp:2  | Found a runed translucent door.
 41776 | Swamp:2  | Noticed Lovepenguin's ghost (adept DEAE)
 41782 | Swamp:2  | Killed Lovepenguin's ghost
 42530 | Swamp:4  | Entered Level 4 of the Swamp
 42632 | Swamp:4  | Paralysed by a fenstrider witch for 3 turns
 43112 | Swamp:4  | Reached skill level 21 in Shapeshifting
 43259 | Swamp:4  | Got a decaying rune of Zot
 43403 | Swamp:4  | Noticed a tentacled monstrosity
 43410 | Swamp:4  | Killed a tentacled monstrosity
 43893 | Swamp:4  | Noticed Roxanne
 43902 | Swamp:4  | Killed Roxanne
 44306 | D:10     | Killed CumLord's ghost
 44470 | Elf:1    | Entered Level 1 of the Elven Halls
 44641 | Elf:1    | Noticed Louise
 44648 | Elf:1    | Killed Louise
 44669 | Elf:1    | HP: 11/255 [burnt (15)]
 45086 | Elf:1    | Reached XP level 19. HP: 154/178 MP: 19/19
 45283 | Elf:1    | Got Ucolonew's Incunabulum of the Salvo
 45372 | Elf:1    | Reached skill level 22 in Shapeshifting
 45420 | Elf:1    | Found a runed translucent door.
 46004 | Elf:2    | Found Retosag's Antique Armour Emporium.
 46007 | Elf:2    | Found Ynas's Antique Weapon Boutique.
 46034 | Elf:2    | Found Myquew's Antique Weapon Shoppe.
 46383 | Elf:2    | Found a runed translucent door.
 46383 | Elf:2    | Found a shimmering altar of Xom.
 46383 | Elf:2    | Found Rigiedyd's Jewellery Shoppe.
 46383 | Elf:2    | Identified the +5 scimitar "Logecvey" {chaos, rC+ Str+5}
 46383 | Elf:2    | Noticed Apegg's ghost (adept MiHu)
 46468 | Elf:2    | Noticed Jorgrun
 46475 | Elf:2    | Killed Jorgrun
 46622 | Elf:2    | Found Bytiyrr's Antique Armour Shop.
 46911 | Elf:2    | Found a runed translucent gate.
 46912 | Elf:2    | Found a runed translucent gate.
 46912 | Elf:2    | Found a runed translucent gate.
 46981 | Elf:3    | Entered Level 3 of the Elven Halls
 47143 | Elf:3    | Found Osuquota's Book Shoppe.
 47165 | Elf:3    | Found Rug Pyex's Antique Armour Shop.
 47171 | Elf:3    | Found Qutism's Armour Boutique.
 47274 | Elf:3    | Found Edwijah's Tremendous Tomes.
 48017 | Elf:2    | Reached skill level 23 in Shapeshifting
 48471 | Elf:1    | Paralysed by an air elemental for 1 turns
 48475 | Elf:1    | Paralysed by an air elemental for 1 turns
 48512 | Elf:1    | Identified the staff of Currency {rElec rC+ Air}
 48786 | Elf:1    | Identified the staff of Conah {rElec rN++ Air}
 48874 | Elf:2    | Killed Apegg's ghost
 49114 | Elf:3    | Identified the ring "Aduqarym" {rPois rC+ Str+6}
 49714 | Elf:3    | Reached XP level 20. HP: 54/190 MP: 20/20
 50442 | Elf:3    | Identified the +1 dagger of Qazlal's Approval {elec, rN+
                  | Str+3}
 50679 | Elf:3    | Got the Quarto of Energy and Beckoning
 51168 | Vaults:1 | Entered Level 1 of the Vaults
 51179 | Vaults:1 | Noticed Norris
 51188 | Vaults:1 | Killed Norris
 51470 | Vaults:1 | Noticed a dread lich
 51473 | Vaults:1 | Killed a dread lich
 51474 | Vaults:1 | Reached skill level 24 in Shapeshifting
 51485 | Vaults:1 | Identified the +3 trident "Sotzus" {drain, *Rage rF- rCorr
                  | MP+9}
 52066 | Vaults:1 | Identified the +0 kite shield of the Arcane {rPois Will-
                  | Str+6 Int+2}
 52066 | Vaults:1 | Noticed Asterion
 52071 | Vaults:1 | Killed Asterion
 53261 | Vaults:2 | Reached skill level 25 in Shapeshifting
 53853 | Vaults:2 | Found a transporter.
 53853 | Vaults:2 | Noticed a dread lich
 53853 | Vaults:2 | Noticed Tagg's ghost (veteran DjIE)
 53854 | Vaults:2 | Found a transporter.
 54228 | Vaults:2 | Reached XP level 21. HP: 126/201 MP: 21/21
 54864 | Vaults:2 | Paralysed by something for 5 turns
 54871 | Vaults:2 | Paralysed by a dread lich for 3 turns
 54871 | Vaults:2 | HP: 9/276 [Executioner[a dread lich] (14)]
 54872 | Vaults:2 | HP: 3/276 [lich (7)]
 54872 | Vaults:2 | Mangled by an Executioner

Illustrated notes

Levels and vault maps discovered:
D:1:      minmay_arrival_split_and_join, layout_loops_ring,
          dreamdust_ecumenical_altar_grove, serial_shops, nicolae_square_shop
D:2:      layout_basic, minmay_misc_feat_nine_boxes, minmay_between
D:3:      layout_rooms, led_sif_pool, gammafunk_temple_overflow_forgotten,
          uniq_natasha, uniq_terence
D:4:      layout_rooms, wad_rectangle_vault
D:5:      layout_basic, minmay_temple_entry_fiery, enter_ossuary_2,
          serial_shops, shop, shop, sword_in_stone
D:6:      minmay_evil_eye, layout_cave_pods
D:7:      layout_loops_cross, nzn_wu_jian_contemplation, uniq_pikel
D:8:      layout_rooms, kennysheep_little_box, mainiacjoe_overflow_tiny_flanked
D:9:      layout_loops_ring, erik_lair_orcish_takeover
D:10:     layout_long_grid, orc_0_dummy, nzn_ghost_randoct, st_stairs_9,
          uniq_harold
D:11:     minmay_glassy_protrusions, layout_rooms, nicolae_diode_basic,
          uniq_nergalle
D:12:     layout_irregular_city, serial_shops, shop,
          nicolae_shop_pleasant_corner_grove, shop, shop
D:13:     layout_stronghold, david_vaults_5, kennysheep_opposing_triangles,
          uniq_sonja, uniq_snorg, uniq_azrael
D:14:     layout_gridville, hangedman_decor_points
D:15:     hangedman_depths_entry_try_elsewhere_first, layout_long_grid,
          nicolae_trove_entry_path_of_doom, minmay_checkered_concentric_circles
Temple:   regret_index_temple_generic_petals
Lair:1:   layout_cave_pods, uniq_amaemon
Lair:2:   layout_regular_city, minmay_swamp_entry_worms,
          nicolae_spider_entry_non_spiders, hellmonk_guarded_unrand_vines,
          grunt_megastairs_2, uniq_gastronok
Lair:3:   layout_cave_pods, lemuel_fruit_fields, infiniplex_staircase_pool
Lair:4:   layout_gridlike, dpeg_slime_entry_enclosed,
          nzn_masters_of_martial_movement
Lair:5:   evilmike_catoblepas_cave, layout_loops_ring, minmay_lair_oklob_items,
          st_stairs_11, grunt_forest_large_clearing_hut, serial_bayou_shore_a
Swamp:1:  layout_basic_swamp, nicolae_swamp_small_spring, swamp_pool_1_2
Swamp:2:  layout_basic_swamp, ebering_ghost_reflecting_pool,
          evilmike_swamp_ruin_house_6, uniq_frances
Swamp:3:  layout_basic_swamp, evilmike_swamp_ruin_house_3
Swamp:4:  swamp, layout_basic_swamp, nicolae_swamp_tree_isthmus, uniq_roxanne
Spider:1: layout_chambers, nicolae_looking_at_the_future, uniq_agnes
Spider:2: layout_spider_delve, uniq_arachne
Spider:3: layout_spider_delve
Spider:4: spider_rune_water, gammafunk_ghost_arena, nicolae_spider_bug_shape
Orc:1:    layout_diamond_mine, serial_shops, shop_statue
Orc:2:    grunt_orc_tribal_feast, layout_caves, uniq_maurice
Elf:1:    minmay_elf_arrival_summoners, layout_gridlike,
          minmay_elf_annihilation, hangedman_aerie_drop, uniq_louise
Elf:2:    nicolae_elf_blades_crystal_corner, layout_gridlike, ebering_ghost_xom,
          serial_shops, shop, nicolae_shop_tiny_glass, nicolae_shop_crystal,
          shop, shop, uniq_jorgrun
Elf:3:    elf_hall_gauntlet_narrow, layout_geoelf_octagon, serial_shops,
          nicolae_shop_window_shopping, nicolae_shop_i_like_big_books,
          minmay_shoptagon
Vaults:1: nicolae_vaults_storage_closets_2, st_more_cells,
          nicolae_vaults_network_periphery, nicolae_vaults_mini_display_case,
          nicolae_vaults_little_squares_4, nicolae_vaults_closet_pinwheel_3,
          hangedman_vaults_slice, nicolae_vaults_rhombus_5,
          nicolae_vaults_closet_pinwheel_3, grunt_vaults_focal,
          nicolae_vaults_tetromino_L_1, layout_vaults_quadrants, uniq_asterion,
          uniq_norris
Vaults:2: gammafunk_ghost_mausoleum, nicolae_vaults_closet_pinwheel_4,
          ontoclasm_vaults_shuriken, hangedman_vaults_unwind,
          nicolae_vaults_double_plus_2, nicolae_vaults_storage_closets_1,
          nicolae_vaults_security_offices_5, hangedman_vaults_capsules,
          nicolae_vaults_angled_halls, v_misc_16, nicolae_vaults_little_ls,
          nicolae_vaults_heist, nicolae_vaults_tetromino_L_1, layout_vaults_ring

Skill      XL: |  1  2  3  4  5  6  7  8  9 10 11 12 13 14 15 16 17 18 19 20 |
---------------+-------------------------------------------------------------+-----
Fighting       | 2 3 6 8 10 15 16 17 19 20 | 20.0
Shapeshifting  | 4 5 7 8 10 13 16 18 19 20 21 23 25 | 25.6
Unarmed Combat | 10 12 15 | 15.0
Dodging        | 3 10 | 10.0

Action                     |  1- 3 |  4- 6 |  7- 9 | 10-12 | 13-15 | 16-18 | 19-21 || total
---------------------------+-------+-------+-------+-------+-------+-------+-------++-------
  Melee: Unarmed           |    96 |   201 |   347 |   565 |   953 |   653 |   599 ||  3414
         Tailslap          |     6 |    62 |    82 |    21 |       |    50 |   109 ||   330
         Punch             |     2 |     7 |       |       |       |    32 |    74 ||   115
         Constrict         |       |       |       |   122 |   251 |    64 |       ||   437
         Bite              |       |       |       |       |       |    45 |    69 ||   114
  Throw: Javelin           |       |     4 |       |       |       |       |       ||     4
 Invoke: Serpent's Lash    |       |       |       |       |     2 |       |     2 ||     4
         Heavenly Storm    |       |       |       |       |     1 |       |     5 ||     6
Ability: Glacial Breath    |       |       |     3 |       |       |       |     4 ||     7
         Lunge             |       |       |       |    34 |    50 |    73 |   108 ||   265
         Whirlwind         |       |       |       |    13 |    53 |    15 |    60 ||   141
  Evoke: Wand              |       |       |     1 |     2 |     3 |     4 |       ||    10
    Use: Potion            |       |     4 |       |       |     6 |    10 |       ||    20
         Scroll            |       |     3 |     9 |     9 |    11 |     9 |     6 ||    47
   Stab: Sleeping          |     2 |     4 |     1 |     1 |     5 |     4 |     6 ||    23
         Invisible         |       |       |       |     2 |       |       |       ||     2
         Petrified         |       |       |       |       |     1 |       |       ||     1
         Distracted        |       |       |       |       |     1 |     1 |     5 ||     7
         Fleeing           |       |       |       |       |     1 |       |       ||     1
 Armour: Skin              |    48 |    81 |   148 |   390 |   923 |   491 |   376 ||  2457
  Dodge: Dodged            |    57 |    59 |   327 |   401 |   501 |   330 |   149 ||  1824
  Block: Other             |       |       |       |       |       |    38 |    40 ||    78
         Reflection        |       |       |       |       |       |     3 |    12 ||    15
   Form: Flux              |       |       |     1 |       |       |       |       ||     1
         Serpent           |       |       |       |     1 |     1 |       |       ||     2
         Dragon            |       |       |       |       |       |     1 |     1 ||     2
                           |       |       |       |       |       |       |     1 ||     1

Table legend: (Time is in decaauts)
 A = Elapsed time spent in this place.
 B = Non-inter-level travel time spent in this place.
 C = Inter-level travel time spent in this place.
 D = Time resting spent in this place.
 E = Time spent auto-exploring this place.
 F = Levels seen in this place.
 G = Mean time per level.
                   A        B        C        D        E       F      G
               +--------+--------+--------+--------+--------+-----+--------+
         Total |  54563 |  50567 |   3996 |   4804 |  37780 |  38 | 1435.9 |
       Dungeon |  16917 |  15174 |   1743 |    848 |  12024 |  15 | 1127.8 |
        Temple |      1 |      1 |      0 |      0 |      0 |   1 |    1.0 |
          Lair |   8751 |   7920 |    831 |    618 |   5989 |   5 | 1750.2 |
         Swamp |   3990 |   3763 |    227 |    498 |   2704 |   4 |  997.5 |
   Spider Nest |   9876 |   9448 |    428 |   1033 |   7082 |   4 | 2469.0 |
  Orcish Mines |   4222 |   3887 |    335 |   1163 |   1977 |   2 | 2111.0 |
   Elven Halls |   6559 |   6146 |    413 |    354 |   4752 |   3 | 2186.3 |
        Vaults |   3643 |   3628 |     15 |    215 |   2935 |   2 | 1821.5 |
         Trove |    106 |    106 |      0 |      0 |     71 |   1 |  106.0 |
       Ossuary |    492 |    492 |      0 |     73 |    246 |   1 |  492.0 |
               +--------+--------+--------+--------+--------+-----+--------+

Top non-repeatable levels by time:
   Elf:3: 2976 daAuts
Spider:1: 2972 daAuts
Spider:4: 2803 daAuts
   Orc:1: 2255 daAuts
  Lair:2: 2218 daAuts
  Lair:5: 2199 daAuts
Spider:3: 2082 daAuts
Spider:2: 2017 daAuts
Vaults:1: 1994 daAuts
   Orc:2: 1967 daAuts
   Elf:1: 1889 daAuts
    D:14: 1870 daAuts
  Lair:1: 1843 daAuts
   Elf:2: 1692 daAuts
  Lair:4: 1680 daAuts
